 Dungeon Crawl Stone Soup version 0.30.0-15-g856e2d3f33 (webtiles) character file.

Game seed: 8856718387263902001

21 javelincjr the Poker (level 3, -3/27 (29) HPs)
             Began as a Djinni Reaver on May 18, 2023.
             Slain by a gnoll
             ... wielding a +0 club
              (7 damage)
             ... on level 1 of the Dungeon.
             The game lasted 00:02:56 (799 turns).

javelincjr the Poker (Djinni Reaver)                 Turns: 799, Time: 00:02:57

HP:   -3/27 (29)    AC:  3    Str: 13    XL:     3   Next: 2%
Gold: 42            EV: 12    Int: 14    God:
                    SH:  0    Dex: 11

rFire   + + .        a - +0 spear
rCold   x . .        (no shield)
rNeg    . . .        b - +0 leather armour
rPois   ∞            (no helmet)
rElec   .            (no cloak)
rCorr   .            (no gloves)
SInv    .            (boots unavailable)
Will    .....        (no amulet)
Stlth   +            (no ring)
HPRegen 0.24/turn    (no ring)
MPRegen 0.00/turn

%: infuse magic (-4 HP)
@: flying, drained
A: sickness immunity, fire resistance 2, cold vulnerability 1, float, innate
caster, HP casting, extra vitality 1
a: no special abilities


You were on level 1 of the Dungeon.
You visited 1 branch of the dungeon, and saw 2 of its levels.

You collected 42 gold pieces.

Inventory:

Hand Weapons
 a - a +0 spear (weapon)
Armour
 b - a +0 leather armour (worn)
Scrolls
 c - a scroll of teleportation {unknown}
 d - a scroll of brand weapon {unknown}
 i - a scroll of amnesia {unknown}
Potions
 e - a potion of mutation {unknown}
 f - 4 potions of heal wounds {unknown}
 g - a potion of cancellation {unknown}
 h - a potion of lignification {unknown}


   Skills:
 * Level 2.3 Fighting
 + Level 2.6 Polearms
 + Level 0.1 Armour
 + Level 2.5 Dodging
 + Level 2.5 Spellcasting


You knew the following spells:

 Your Spells              Type           Power      Damage    Failure   Level
a - Kiss of Death         Conj/Necr      36%        2d8       10%         1
b - Momentum Strike       Conj/Tloc      18%        3d8       16%         2
c - Hailstorm             Conj/Ice       9%         3d4       30%         3
d - Summon Small Mammal   Summ           36%        N/A       10%         1
Your spell library was empty.

Dungeon Overview and Level Annotations

Branches:
Dungeon (2/15)

Altars:


Innate Abilities, Weirdness & Mutations

You are immune to sickness and miasma.
You are immune to poison.
Your flesh is very heat resistant. (rF++)
You are vulnerable to cold. (rC-)
You float through the air rather than walking.
You learn spells naturally, not from books.
Your magical power is your life essence.
You have superior vitality. (+4 MHP)


Message History

You feel stronger. x2
The power to cast Summon Small Mammal wells up from within.
Spell assigned to 'd'.
You reach down and open the door.
Found an escape hatch in the floor.
There is an open door here.
f - 4 blue potions (gained 1)
You now have 42 gold pieces (gained 14).
Done exploring.
Done exploring.
Done exploring.
No target in view!
Done exploring.
Done exploring.
Done exploring.
Done exploring.
Search for what [? for help]? .
Done exploring.
There is an open door here.
There is a stone staircase leading down here.
You fly downwards.
The gnoll shouts! x4; You hear a shout!
Found four items.
There is a stone staircase leading up here.
The gnoll hits you but does no damage. The gnoll hits you with a +0 club!
You fly upwards.
There is a stone staircase leading down here.
You closely miss the gnoll. The gnoll misses you.
The gnoll hits you with a +0 club.
You hit the gnoll.
The gnoll is moderately wounded.
The gnoll hits you with a +0 whip! The gnoll closely misses you.
You hit the gnoll but do no damage.
The gnoll is moderately wounded.
You hit the gnoll.
The gnoll is severely wounded.
The gnoll hits you with a +0 whip.
* * * LOW HITPOINT WARNING * * *
The gnoll hits you with a +0 club!
You die...

########
#....g@#
#.####g# #.#
#.# #.# #.#
#.# #.# #.#
#.# #########
#.# #.#
........###.#
#.#
........'...#
#.#


You could see 2 gnolls.

Vanquished Creatures
  A ball python (D:1)
  2 endoplasms (D:1)
  2 goblins (D:1)
  5 hobgoblins (D:1)
  2 jackals (D:1)
  4 kobolds (D:1)
16 creatures vanquished.

Notes
Turn   | Place    | Note
-------+----------+-------------------------------------------
     0 | D:1      | javelincjr the Djinni Reaver began the quest for the Orb.
     0 | D:1      | javelincjr set off with the following spells memorised:
                  | Kiss of Death, Momentum Strike, Hailstorm.
     0 | D:1      | Reached XP level 1. HP: 18/18 MP: 0/0
   145 | D:1      | Found a faded altar of an unknown god.
   163 | D:1      | Reached XP level 2. HP: 23/23 MP: 0/0
   697 | D:1      | Reached XP level 3. HP: 17/27 MP: 0/0
   697 | D:1      | Learned a level 1 spell: Summon Small Mammal
   799 | D:1      | Slain by a gnoll

Illustrated notes

Levels and vault maps discovered:
D:1:      dpeg_arrival_chambers_temple_mockup, layout_basic,
          shapermc_ecumenical_altar_mp_highgroup, minmay_heptomino_d4
D:2:      layout_loops_cross, basic_altar

Action                     || total
---------------------------++-------
  Melee: Spear             ||    63
   Cast: Kiss of Death     ||     1
 Armour: Leather armour    ||    15
  Dodge: Dodged            ||    34
